 Dungeon Crawl Stone Soup version 0.22-a0-422-g9628fc8 (webtiles) character file.

2 Goblin1989 the Stinger (level 1, 0/13 HPs)
             Began as a Demonspawn Venom Mage on May 17, 2018.
             Slain by a giant cockroach (2 damage)
             ... on level 1 of the Dungeon.
             The game lasted 00:00:59 (61 turns).

Goblin1989 the Stinger (Demonspawn Venom Mage)        Turns: 61, Time: 00:01:00

Health: 0/13       AC:  2    Str:  8    XL:     1   Next: 25%
Magic:  0/3        EV: 12    Int: 16    God:
Gold:   10         SH:  0    Dex: 13    Spells: 3/4 levels left

rFire    . . .     SeeInvis .   (no weapon)
rCold    . . .     Gourm    .   (no shield)
rNeg     . . .     Faith    .   a - +0 robe
rPois    .         Spirit   .   (no helmet)
rElec    .         Reflect  .   (no cloak)
rCorr    .         Harm     .   (no gloves)
MR       .....                  (no boots)
Stlth    ++........             (no amulet)
HPRegen  0.04/turn              (no ring)
MPRegen  0.08/turn              (no ring)

@: very slightly contaminated
A: no striking features
a: no special abilities


You were on level 1 of the Dungeon.
You were not hungry.

You visited 1 branch of the dungeon, and saw 1 of its levels.

You collected 10 gold pieces.

Inventory:

Armour
 a - a +0 robe (worn)
Comestibles
 e - a ration


   Skills:
 - Level 1.7 Dodging
 - Level 1.7 Stealth
 + Level 2.0 Spellcasting
 - Level 1.0 Conjurations
 * Level 3.1 Poison Magic


You had 3 spell levels left.
You knew the following spells:

 Your Spells              Type           Power        Failure   Level  Hunger
a - Sting                 Conj/Pois      #...         9%          1    #......

Your spell library contained the following spells:

 Spells                   Type           Power        Failure   Level  Hunger
 Mephitic Cloud           Conj/Pois/Air  #.......     34%         3    ###....
 Venom Bolt               Conj/Pois      #.........   94%         5    ######.
 Olgreb's Toxic Radiance  Pois           ##......     50%         4    #####..
 Poisonous Vapours        Pois/Air       #.....       17%         2    ###....


Dungeon Overview and Level Annotations

Branches:
Dungeon (1/15)

Altars:


Message History

The giant cockroach bites you but does no damage.
The giant cockroach barely misses you.
There is an open door here.
Casting: Sting (safe; 9% risk of failure)
Confirm with . or Enter, or press ? or * to list all spells.
Aiming: Sting (safe; 9% risk of failure)
Press: ? - help, Shift-Dir - straight line, f - giant cockroach, p - giant cockroach
Aim: a giant cockroach (clinging)
The sting misses the giant cockroach.
You kill the giant cockroach!
The giant cockroach misses you.
You now have 0/3 mp.
Casting: Sting (safe; 9% risk of failure)
Confirm with . or Enter, or press ? or * to list all spells.
You don't have enough magic to cast that spell.
Unknown command.
The giant cockroach bites you but does no damage.
The giant cockroach completely misses you.
The giant cockroach bites you but does no damage.
There is an open door here.
You open the door. The giant cockroach closely misses you.
The giant cockroach completely misses you.
You open the door. The giant cockroach bites you. x2
You take 1 damage, and have 11/13 hp.
You open the door.
The giant cockroach bites you but does no damage.
The giant cockroach bites you.
You take 2 damage, and have 9/13 hp.
Casting: Sting (safe; 9% risk of failure)
Confirm with . or Enter, or press ? or * to list all spells.
Aiming: Sting (safe; 9% risk of failure)
Press: ? - help, Shift-Dir - straight line, f/p - giant cockroach
Aim: a giant cockroach (clinging)
The sting hits the giant cockroach.
The giant cockroach appears unharmed.
The giant cockroach closely misses you.
You now have 1/3 mp.
Casting: Sting (safe; 9% risk of failure)
Confirm with . or Enter, or press ? or * to list all spells.
Aiming: Sting (safe; 9% risk of failure)
Press: ? - help, Shift-Dir - straight line, f/p - giant cockroach
Aim: a giant cockroach (clinging)
The sting misses the giant cockroach.
The giant cockroach bites you but does no damage.
You now have 0/3 mp.
The giant cockroach closely misses you. As you open the door, it creaks loudly!
The giant cockroach falls off the door.
The giant cockroach barely misses you.
The giant cockroach bites you but does no damage.
There is an open door here.
The giant cockroach misses you.
You see here 10 gold pieces.
You now have 10 gold pieces.
The giant cockroach bites you but does no damage.
The giant cockroach barely misses you.
You open the door.
A rat comes into view.
The giant cockroach bites you.
You take 1 damage, and have 8/13 hp.
Casting: Sting (safe; 9% risk of failure)
Confirm with . or Enter, or press ? or * to list all spells.
Aiming: Sting (safe; 9% risk of failure)
Press: ? - help, Shift-Dir - straight line, f/p - giant cockroach
Aim: a giant cockroach The sting misses the giant cockroach.
The giant cockroach misses you.
You now have 0/3 mp.
You barely miss the giant cockroach. The giant cockroach bites you.
You take 1 damage, and have 7/13 hp.
You barely miss the giant cockroach. The giant cockroach misses you.
The giant cockroach bites you.
You take 1 damage, and have 6/13 hp.
You hit the giant cockroach but do no damage.
The giant cockroach bites you but does no damage.
You hit the giant cockroach but do no damage.
The giant cockroach barely misses you.
You closely miss the giant cockroach. The giant cockroach closely misses you.
You hit the giant cockroach.
The giant cockroach is heavily wounded.
The giant cockroach bites you but does no damage.
You hit the giant cockroach but do no damage.
The giant cockroach is heavily wounded.
The giant cockroach bites you. x2
* * * LOW HITPOINT WARNING * * *
You take 3 damage, and have 4/13 hp.
MASSIVE DAMAGE!!
You hit the giant cockroach but do no damage.
The giant cockroach is moderately wounded.
The giant cockroach misses you.
The giant cockroach bites you but does no damage.
The giant cockroach bites you.
* * * LOW HITPOINT WARNING * * *
You take 2 damage, and have 2/13 hp.
There is an open door here.
Casting: Sting (safe; 9% risk of failure)
Confirm with . or Enter, or press ? or * to list all spells.
Aiming: Sting (safe; 9% risk of failure)
Press: ? - help, Shift-Dir - straight line, f/p - giant cockroach
Aim: a giant cockroach (moderately wounded)
You miscast Sting.
You are very lightly contaminated with residual magic.
Your skin tingles.
The giant cockroach bites you.
You die... █████████ █████

█...█...█ █.<.█
█...█..r █...█
██∆███∆███▲███∆██
█...............███
█..............s@.█
█.............†.█.█
██∆███∆███∆███∆██.█
█...█...█..P█...█..
█.(.█...█...█...█.██
█████████████████.█
.█ ..


You could see a giant cockroach.

Vanquished Creatures
  A giant cockroach (D:1)
  A rat (D:1)
2 creatures vanquished.

Notes
Turn   | Place    | Note
-------+----------+-------------------------------------------
     0 | D:1      | Goblin1989 the Demonspawn Venom Mage began the quest for the Orb.
     0 | D:1      | Reached XP level 1. HP: 13/13 MP: 3/3
    61 | D:1      | Slain by a giant cockroach

Vault maps used:
D:1:      dpeg_arrival_prison

Action                   || total
-------------------------++-------
Melee: Unarmed           ||     8
 Cast: Sting             ||     6
Armor: Robe              ||    10
Dodge: Dodged            ||    15

Table legend:
 A = Spawn XP
 B = Non-spawn XP
 C = Spawn XP percentage of total XP
 D = Spawn monster count
 E = Non-spawn monster count
 F = Spawn count percentage of total count
 G = Total turns spent on level
                    A         B        C        D         E        F      G
               +---------+---------+-------+---------+---------+-------+---------
         Total |       0 |       3 |   0.0 |       0 |       2 |   0.0 |    61
               +---------+---------+-------+---------+---------+-------+---------
           D:1 |       0 |       3 |   0.0 |       0 |       2 |   0.0 |    61
               +---------+---------+-------+---------+---------+-------+---------

Vault maps used:
D:1:      dpeg_arrival_prison
